Predators vs Canadiens

Created - February 17 2008 at 13:40

Goals
1 2 3 T
Predators 1 1 0 2
Canadiens 0 1 0 1
Shots
1 2 3 T
Predators 8 5 13 26
Canadiens 7 6 2 15

Period #1

1. Predators , David Legwand 12 (Derek Morris, Todd Bertuzzi) at 0:08

Penalties :
Ales Hemsky (MTL) for Unsportsmanlike conduct (Major / Game Misconduct) at 5:19, Darcy Tucker (MTL) for Tripping (Minor) at 10:24, Craig Rivet (NSH) for Roughing (Minor) at 15:43

Period #2

2. Predators , Robert Lang 22 (Martin Erat, Derek Morris) at 14:01 (PP)
3. Canadiens , Ryan Kesler 5 (Ryan Whitney, Roberto Luongo) at 16:48 (PP)

Penalties :
Keith Carney (MTL) for Roughing (Minor) at 13:41, Jeff Carter (NSH) for Slashing (Double Minor) at 15:30

Period #3

No Goal

Penalties :
Ryan Kesler (MTL) for Fighting (Major) at 11:40, Scott Hartnell (NSH) for Fighting (Major) at 11:40, Andrej Meszaros (MTL) for Slashing (Minor) at 12:25, Darcy Tucker (MTL) for Fighting (Major) at 19:04, Derek Morris (NSH) for Fighting (Major) at 19:04, Brian Gionta (MTL) for Fighting (Major) at 19:04, David Legwand (NSH) for Fighting (Major) at 19:04, Antoine Vermette (MTL) for Roughing (Minor) at 19:04, Paul Kariya (NSH) for Roughing (Minor) at 19:04, Keith Carney (MTL) for Holding (Minor) at 19:04

Goalie Stats

Tomas Vokoun (NSH), 14 saves from 15 shots - (0.933), W, 31-21-4, 60:00 minutes
Roberto Luongo (MTL), 24 saves from 26 shots - (0.923), L, 32-30-3, 60:00 minutes

Players Stats

Predators
Player Name              G  A  P  +/- PIM S  H  SB FO MP 
-----------------------------------------------------------
Craig Rivet              0  0  0   0  2   0  1  0  0  14 
David Legwand            1  0  1   1  5   3  2  0  18 22 
Derek Morris             0  2  2   1  5   1  2  0  0  23 
Jeff Carter              0  0  0   0  4   2  1  0  19 20 
Justin Williams          0  0  0   0  0   1  0  0  0  4  
Marek Zidlicky           0  0  0   0  0   0  0  0  0  1  
Martin Erat              0  1  1   0  0   2  2  1  1  11 
Paul Kariya              0  0  0   1  2   3  1  0  4  24 
Robert Lang              1  0  1   0  0   2  2  0  19 24 
Ryan Suter               0  0  0   0  0   2  1  1  0  23 
Scott Hartnell           0  0  0   0  5   4  2  0  0  12 
Shea Weber               0  0  0   0  0   0  1  0  0  24 
Steve Sullivan           0  0  0   0  0   3  1  0  0  19 
Todd Bertuzzi            0  1  1   1  0   1  0  0  8  21 
Tomas Kaberle            0  0  0   1  0   0  1  1  0  22 
Vernon Fiddler           0  0  0   0  0   1  2  0  1  25 
Yanic Perreault          0  0  0   0  0   0  0  0  2  5  
Zbynek Michalek          0  0  0   0  0   1  1  1  0  17 
Canadiens
Player Name              G  A  P  +/- PIM S  H  SB FO MP 
-----------------------------------------------------------
Ales Hemsky              0  0  0  -1  15  0  0  0  0  3  
Alexei Yashin            0  0  0   0  0   2  0  1  12 16 
Andrej Meszaros          0  0  0  -1  2   0  5  1  0  25 
Antoine Vermette         0  0  0   0  2   3  1  0  19 24 
Brian Gionta             0  0  0   0  5   1  1  0  1  21 
Brian Rafalski           0  0  0  -1  0   2  0  1  0  25 
Darcy Tucker             0  0  0   0  7   1  0  0  2  21 
Filip Kuba               0  0  0   0  0   0  1  0  0  20 
Jon Sim                  0  0  0  -1  0   2  0  0  2  25 
Keith Carney             0  0  0   0  4   0  0  4  0  24 
Lubomir Visnovsky        0  0  0   0  0   0  0  0  0  1  
Martin Gelinas           0  0  0   0  0   0  0  0  0  4  
Mike Comrie              0  0  0   0  0   0  0  0  3  20 
Mike Ribeiro             0  0  0   0  0   0  0  0  17 24 
Ryan Kesler              1  0  1  -1  5   3  2  1  14 23 
Ryan Whitney             0  1  1   0  0   0  1  2  0  22 
Scott Gomez              0  0  0   0  0   1  0  0  2  7  
Viktor Kozlov            0  0  0   0  0   0  0  0  0  0  

3 Stars

1 - David Legwand (NSH)
2 - Derek Morris (NSH)
3 - Robert Lang (NSH)

Power Play

Predators - 1 on 5 Attempt(s) - 20.00%
Canadiens - 1 on 2 Attempt(s) - 50.00%

Penalty Kill

Predators - 1 on 2 Attempt(s) - 50.00% - Score 0 goal in Penalty Kill
Canadiens - 4 on 5 Attempt(s) - 80.00% - Score 0 goal in Penalty Kill

Game Notes

Ales Hemsky ejected from game at 5:19 of 1st period
Ryan Kesler beats up Scott Hartnell at 11:40 of 3rd period
General Fight at 19:04 of 3rd period
Darcy Tucker beats up Derek Morris at 19:04 of 3rd period
Brian Gionta and David Legwand fight to a draw at 19:04 of 3rd period

Finance

Level 1 -- Attendance: 3994 (57.06%) -- Ticket Income $399,400.00
Level 2 -- Attendance: 3413 (56.88%) -- Ticket Income $204,780.00
Level 3 -- Attendance: 1285 (40.40%) -- Ticket Income $44,975.00
Level 4 -- Attendance: 1955 (46.55%) -- Ticket Income $58,650.00
Luxury Box -- Attendance: 528 (42.24%) -- Ticket Income $132,000.00
Game was played at the Bell Centre
Total Attendance: 11175 (51.66%)
Total Ticket Income: $895,559.30
Other Income: $178,432.80
Total Income: $1,073,992.00


Play by Play

Period #1

0:01 of 1st period - Todd Bertuzzi wins face-off versus Jon Sim in neutral zone.
0:08 of 1st period - Shot by David Legwand.
0:08 of 1st period - Goal by David Legwand - Predators : 1 - Canadiens : 0.
0:09 of 1st period - Antoine Vermette wins face-off versus Robert Lang in neutral zone.
0:20 of 1st period - Antoine Vermette is hit by Robert Lang and loses puck.
0:27 of 1st period - Ryan Suter is hit by Antoine Vermette and loses puck.
0:40 of 1st period - Shot by Brian Gionta.
0:40 of 1st period - Stopped by Tomas Vokoun without a rebound.
0:41 of 1st period - Ryan Kesler wins face-off versus David Legwand in Predators zone.
1:08 of 1st period - Shot by David Legwand.
1:08 of 1st period - Stopped by Roberto Luongo with a rebound.
1:21 of 1st period - Icing by Brian Rafalski.
1:22 of 1st period - Ryan Kesler wins face-off versus Vernon Fiddler in Canadiens zone.
1:22 of 1st period - Ryan Kesler is hit by Steve Sullivan.
2:19 of 1st period - Darcy Tucker is hit by Zbynek Michalek.
2:26 of 1st period - Icing by Craig Rivet.
2:27 of 1st period - Jeff Carter wins face-off versus Mike Ribeiro in Predators zone.
2:27 of 1st period - Jeff Carter is hit by Ryan Kesler.
3:14 of 1st period - Icing by Brian Rafalski.
3:15 of 1st period - Alexei Yashin wins face-off versus Robert Lang in Canadiens zone.
3:36 of 1st period - Shot by Shea Weber.
3:36 of 1st period - Shot Misses the Net.
3:40 of 1st period - Shot by Steve Sullivan.
3:40 of 1st period - Shot Misses the Net.
3:42 of 1st period - Shot by Vernon Fiddler.
3:42 of 1st period - Stopped by Roberto Luongo without a rebound.
3:43 of 1st period - Antoine Vermette wins face-off versus David Legwand in Canadiens zone.
3:48 of 1st period - David Legwand is hit by Brian Gionta and loses puck.
4:03 of 1st period - Shot by Filip Kuba.
4:03 of 1st period - Shot Blocked by Martin Erat.
4:07 of 1st period - Shot by Brian Gionta.
4:07 of 1st period - Shot Blocked by Tomas Kaberle.
4:11 of 1st period - Shot by Antoine Vermette.
4:11 of 1st period - Stopped by Tomas Vokoun without a rebound.
4:12 of 1st period - Robert Lang wins face-off versus Mike Ribeiro in Predators zone.
4:32 of 1st period - Steve Sullivan is hit by Ryan Kesler and loses puck.
5:19 of 1st period - Major / Game Misconduct Penalty to Ales Hemsky for Unsportsmanlike conduct.
5:19 of 1st period - Ales Hemsky is ejected from game.
5:20 of 1st period - Antoine Vermette wins face-off versus Robert Lang in Predators zone.
6:05 of 1st period - Brian Rafalski is hit by Jeff Carter and loses puck.
6:44 of 1st period - Andrej Meszaros is hit by Scott Hartnell.
7:45 of 1st period - Shot by Derek Morris.
7:45 of 1st period - Stopped by Roberto Luongo without a rebound.
7:46 of 1st period - David Legwand wins face-off versus Antoine Vermette in Canadiens zone.
8:46 of 1st period - Shot by Martin Erat.
8:46 of 1st period - Stopped by Roberto Luongo without a rebound.
8:47 of 1st period - David Legwand wins face-off versus Alexei Yashin in Canadiens zone.
9:42 of 1st period - Shot by Ryan Suter.
9:42 of 1st period - Stopped by Roberto Luongo without a rebound.
9:43 of 1st period - Ryan Kesler wins face-off versus Robert Lang in Canadiens zone.
9:59 of 1st period - Off-side.
10:00 of 1st period - Jeff Carter wins face-off versus Ryan Kesler in neutral zone.
10:03 of 1st period - Shot by Zbynek Michalek.
10:03 of 1st period - Stopped by Roberto Luongo without a rebound.
10:04 of 1st period - Ryan Kesler wins face-off versus Jeff Carter in Canadiens zone.
10:13 of 1st period - Keith Carney is hit by Martin Erat.
10:24 of 1st period - Minor Penalty to Darcy Tucker for Tripping.
10:25 of 1st period - David Legwand wins face-off versus Antoine Vermette in neutral zone.
10:44 of 1st period - Shot by Shea Weber.
10:44 of 1st period - Shot Misses the Net.
13:01 of 1st period - Icing by Craig Rivet.
13:02 of 1st period - Mike Ribeiro wins face-off versus Jeff Carter in Predators zone.
14:14 of 1st period - Icing by Brian Rafalski.
14:15 of 1st period - Yanic Perreault wins face-off versus Ryan Kesler in Canadiens zone.
15:13 of 1st period - Icing by Shea Weber.
15:14 of 1st period - Yanic Perreault wins face-off versus Alexei Yashin in Predators zone.
15:43 of 1st period - Minor Penalty to Craig Rivet for Roughing.
15:44 of 1st period - Todd Bertuzzi wins face-off versus Ryan Kesler in Predators zone.
15:59 of 1st period - Shot by Brian Rafalski.
15:59 of 1st period - Shot Misses the Net.
16:01 of 1st period - Shot by Darcy Tucker.
16:01 of 1st period - Stopped by Tomas Vokoun with a rebound.
16:05 of 1st period - Shot by Antoine Vermette.
16:05 of 1st period - Stopped by Tomas Vokoun without a rebound.
16:06 of 1st period - Mike Ribeiro wins face-off versus Todd Bertuzzi in Predators zone.
17:05 of 1st period - Shot by Jon Sim.
17:05 of 1st period - Shot Blocked by Zbynek Michalek.
17:09 of 1st period - Shot by Brian Rafalski.
17:09 of 1st period - Stopped by Tomas Vokoun without a rebound.
17:10 of 1st period - Antoine Vermette wins face-off versus Paul Kariya in Predators zone.
17:33 of 1st period - Shot by Brian Rafalski.
17:33 of 1st period - Stopped by Tomas Vokoun without a rebound.
17:34 of 1st period - Ryan Kesler wins face-off versus Todd Bertuzzi in Predators zone.
17:54 of 1st period - Shot by Scott Hartnell.
17:54 of 1st period - Shot Blocked by Keith Carney.
17:56 of 1st period - Shot by Scott Hartnell.
17:56 of 1st period - Shot Misses the Net.
18:00 of 1st period - Shot by Scott Hartnell.
18:00 of 1st period - Stopped by Roberto Luongo without a rebound.
18:01 of 1st period - David Legwand wins face-off versus Antoine Vermette in Canadiens zone.
18:30 of 1st period - Shot by Paul Kariya.
18:30 of 1st period - Shot Blocked by Keith Carney.
18:48 of 1st period - Icing by Shea Weber.
18:49 of 1st period - Mike Ribeiro wins face-off versus Robert Lang in Predators zone.
18:56 of 1st period - Shot by Jon Sim.
18:56 of 1st period - Stopped by Tomas Vokoun without a rebound.
18:57 of 1st period - Mike Ribeiro wins face-off versus Jeff Carter in Predators zone.
18:57 of 1st period - Mike Ribeiro is hit by Craig Rivet.
19:19 of 1st period - Icing by Brian Rafalski.
19:20 of 1st period - Mike Ribeiro wins face-off versus Jeff Carter in Canadiens zone.
19:20 of 1st period - Mike Ribeiro is hit by David Legwand.
19:25 of 1st period - Mike Ribeiro is hit by Tomas Kaberle and loses puck.
19:47 of 1st period - Paul Kariya is hit by Andrej Meszaros and loses puck.

Period #2

0:01 of 2nd period - Todd Bertuzzi wins face-off versus Ryan Kesler in neutral zone.
0:58 of 2nd period - Icing by Steve Sullivan.
0:59 of 2nd period - Robert Lang wins face-off versus Mike Ribeiro in Predators zone.
1:53 of 2nd period - Shot by Andrej Meszaros.
1:53 of 2nd period - Shot Blocked by Ryan Suter.
1:55 of 2nd period - Shot by Jon Sim.
1:55 of 2nd period - Shot Misses the Net.
1:57 of 2nd period - Shot by Ryan Kesler.
1:57 of 2nd period - Stopped by Tomas Vokoun without a rebound.
1:58 of 2nd period - David Legwand wins face-off versus Mike Ribeiro in Predators zone.
2:44 of 2nd period - Icing by Brian Rafalski.
2:45 of 2nd period - Antoine Vermette wins face-off versus Jeff Carter in Canadiens zone.
3:05 of 2nd period - Shot by Jeff Carter.
3:05 of 2nd period - Shot Misses the Net.
3:09 of 2nd period - Shot by Martin Erat.
3:09 of 2nd period - Shot Misses the Net.
3:38 of 2nd period - Icing by Ryan Suter.
3:39 of 2nd period - Mike Ribeiro wins face-off versus Robert Lang in Predators zone.
3:49 of 2nd period - Icing by Mike Comrie.
3:50 of 2nd period - David Legwand wins face-off versus Mike Ribeiro in Canadiens zone.
4:27 of 2nd period - Icing by Derek Morris.
4:28 of 2nd period - David Legwand wins face-off versus Antoine Vermette in Predators zone.
4:52 of 2nd period - Shot by Steve Sullivan.
4:52 of 2nd period - Stopped by Roberto Luongo without a rebound.
4:53 of 2nd period - Brian Gionta wins face-off versus Robert Lang in Canadiens zone.
5:33 of 2nd period - Off-side.
5:34 of 2nd period - Darcy Tucker wins face-off versus Paul Kariya in neutral zone.
6:04 of 2nd period - Shot by Paul Kariya.
6:04 of 2nd period - Shot Misses the Net.
6:44 of 2nd period - Shot by Brian Gionta.
6:44 of 2nd period - Shot Misses the Net.
6:46 of 2nd period - Shot by Jon Sim.
6:46 of 2nd period - Deflect By Mike Ribeiro.
6:46 of 2nd period - Shot Misses the Net.
6:50 of 2nd period - Shot by Jon Sim.
6:50 of 2nd period - Shot Misses the Net.
6:54 of 2nd period - Shot by Brian Gionta.
6:54 of 2nd period - Deflect By Jon Sim.
6:54 of 2nd period - Shot Misses the Net.
6:58 of 2nd period - Shot by Brian Gionta.
6:58 of 2nd period - Shot Misses the Net.
9:11 of 2nd period - Shot by Steve Sullivan.
9:11 of 2nd period - Shot Blocked by Ryan Whitney.
9:16 of 2nd period - Icing by Scott Gomez.
9:17 of 2nd period - Scott Gomez wins face-off versus David Legwand in Canadiens zone.
9:19 of 2nd period - Icing by Ryan Whitney.
9:20 of 2nd period - Scott Gomez wins face-off versus Jeff Carter in Canadiens zone.
9:20 of 2nd period - Scott Gomez is hit by Martin Erat.
9:44 of 2nd period - Martin Erat is hit by Andrej Meszaros.
10:16 of 2nd period - Shot by Paul Kariya.
10:16 of 2nd period - Stopped by Roberto Luongo without a rebound.
10:17 of 2nd period - Mike Ribeiro wins face-off versus Robert Lang in Canadiens zone.
10:33 of 2nd period - Shot by Ryan Suter.
10:33 of 2nd period - Stopped by Roberto Luongo without a rebound.
10:34 of 2nd period - Antoine Vermette wins face-off versus David Legwand in Canadiens zone.
10:34 of 2nd period - Antoine Vermette is hit by David Legwand.
11:12 of 2nd period - Ryan Whitney is hit by Shea Weber and loses puck.
11:16 of 2nd period - Icing by Shea Weber.
11:17 of 2nd period - Ryan Kesler wins face-off versus Robert Lang in Predators zone.
12:59 of 2nd period - Shot by Alexei Yashin.
12:59 of 2nd period - Stopped by Tomas Vokoun without a rebound.
13:00 of 2nd period - Mike Ribeiro wins face-off versus David Legwand in Predators zone.
13:31 of 2nd period - Scott Hartnell is hit by Filip Kuba and loses puck.
13:41 of 2nd period - Minor Penalty to Keith Carney for Roughing.
13:42 of 2nd period - Robert Lang wins face-off versus Jon Sim in Canadiens zone.
14:01 of 2nd period - Shot by Martin Erat.
14:01 of 2nd period - Deflect By Robert Lang.
14:01 of 2nd period - Goal by Robert Lang - Predators : 2 - Canadiens : 0.
14:02 of 2nd period - Jeff Carter wins face-off versus Antoine Vermette in neutral zone.
15:09 of 2nd period - Shot by Paul Kariya.
15:09 of 2nd period - Shot Misses the Net.
15:11 of 2nd period - Shot by Derek Morris.
15:11 of 2nd period - Shot Misses the Net.
15:13 of 2nd period - Shot by Todd Bertuzzi.
15:13 of 2nd period - Stopped by Roberto Luongo without a rebound.
15:14 of 2nd period - Mike Ribeiro wins face-off versus Jeff Carter in Canadiens zone.
15:30 of 2nd period - Double Minor Penalty to Jeff Carter for Slashing.
15:31 of 2nd period - Mike Comrie wins face-off versus Paul Kariya in Canadiens zone.
15:51 of 2nd period - Off-side.
15:52 of 2nd period - Antoine Vermette wins face-off versus Todd Bertuzzi in neutral zone.
16:44 of 2nd period - Shot by Ryan Whitney.
16:44 of 2nd period - Shot Misses the Net.
16:48 of 2nd period - Shot by Ryan Kesler.
16:48 of 2nd period - Goal by Ryan Kesler - Predators : 2 - Canadiens : 1.
16:49 of 2nd period - Alexei Yashin wins face-off versus Todd Bertuzzi in neutral zone.
17:14 of 2nd period - Shot by Jon Sim.
17:14 of 2nd period - Stopped by Tomas Vokoun without a rebound.
17:15 of 2nd period - Ryan Kesler wins face-off versus David Legwand in Predators zone.
17:18 of 2nd period - Shot by Mike Comrie.
17:18 of 2nd period - Shot Misses the Net.
17:20 of 2nd period - Shot by Mike Comrie.
17:20 of 2nd period - Shot Misses the Net.
17:22 of 2nd period - Shot by Antoine Vermette.
17:22 of 2nd period - Stopped by Tomas Vokoun without a rebound.
17:23 of 2nd period - Ryan Kesler wins face-off versus Todd Bertuzzi in Predators zone.
18:14 of 2nd period - Shot by Brian Gionta.
18:14 of 2nd period - Shot Hit the Post.
19:16 of 2nd period - Shot by Scott Gomez.
19:16 of 2nd period - Stopped by Tomas Vokoun with a rebound.
19:44 of 2nd period - Paul Kariya is hit by Andrej Meszaros and loses puck.

Period #3

0:01 of 3rd period - Ryan Kesler wins face-off versus David Legwand in neutral zone.
0:05 of 3rd period - Brian Rafalski is hit by Derek Morris.
1:35 of 3rd period - Off-side.
1:36 of 3rd period - Mike Comrie wins face-off versus Jeff Carter in neutral zone.
2:01 of 3rd period - Mike Ribeiro is hit by Vernon Fiddler and loses puck.
3:21 of 3rd period - Icing by Brian Rafalski.
3:22 of 3rd period - Antoine Vermette wins face-off versus Jeff Carter in Canadiens zone.
3:33 of 3rd period - Icing by Jeff Carter.
3:34 of 3rd period - Jeff Carter wins face-off versus Mike Comrie in Predators zone.
3:48 of 3rd period - Off-side.
3:49 of 3rd period - Robert Lang wins face-off versus Antoine Vermette in neutral zone.
3:54 of 3rd period - Shot by Steve Sullivan.
3:54 of 3rd period - Stopped by Roberto Luongo with a rebound.
3:56 of 3rd period - Shot by Steve Sullivan.
3:56 of 3rd period - Shot Misses the Net.
4:02 of 3rd period - Shot by Paul Kariya.
4:02 of 3rd period - Shot Blocked by Keith Carney.
4:19 of 3rd period - Antoine Vermette is hit by Robert Lang and loses puck.
5:12 of 3rd period - Shot by David Legwand.
5:12 of 3rd period - Stopped by Roberto Luongo without a rebound.
5:13 of 3rd period - Alexei Yashin wins face-off versus Jeff Carter in Canadiens zone.
5:20 of 3rd period - Shot by Martin Erat.
5:20 of 3rd period - Shot Blocked by Alexei Yashin.
5:24 of 3rd period - Shot by Martin Erat.
5:24 of 3rd period - Shot Blocked by Ryan Whitney.
5:26 of 3rd period - Shot by Zbynek Michalek.
5:26 of 3rd period - Shot Misses the Net.
5:30 of 3rd period - Shot by Jeff Carter.
5:30 of 3rd period - Stopped by Roberto Luongo without a rebound.
5:31 of 3rd period - Alexei Yashin wins face-off versus Robert Lang in Canadiens zone.
8:19 of 3rd period - Shot by Steve Sullivan.
8:19 of 3rd period - Shot Misses the Net.
8:59 of 3rd period - Icing by Scott Gomez.
9:00 of 3rd period - Jeff Carter wins face-off versus Mike Ribeiro in Canadiens zone.
9:05 of 3rd period - Shot by Martin Erat.
9:05 of 3rd period - Shot Misses the Net.
9:25 of 3rd period - Shot by Darcy Tucker.
9:25 of 3rd period - Shot Misses the Net.
9:27 of 3rd period - Shot by Ryan Kesler.
9:27 of 3rd period - Stopped by Tomas Vokoun without a rebound.
9:28 of 3rd period - Robert Lang wins face-off versus Darcy Tucker in Predators zone.
9:44 of 3rd period - Shot by Scott Hartnell.
9:44 of 3rd period - Stopped by Roberto Luongo without a rebound.
9:45 of 3rd period - Martin Erat wins face-off versus Antoine Vermette in Canadiens zone.
10:00 of 3rd period - Shot by Scott Hartnell.
10:00 of 3rd period - Shot Misses the Net.
10:02 of 3rd period - Shot by Scott Hartnell.
10:02 of 3rd period - Shot Misses the Net.
10:04 of 3rd period - Shot by Martin Erat.
10:04 of 3rd period - Stopped by Roberto Luongo without a rebound.
10:05 of 3rd period - Alexei Yashin wins face-off versus David Legwand in Canadiens zone.
10:05 of 3rd period - Alexei Yashin is hit by Paul Kariya.
10:21 of 3rd period - Shot by Brian Gionta.
10:21 of 3rd period - Shot Misses the Net.
10:25 of 3rd period - Shot by Alexei Yashin.
10:25 of 3rd period - Stopped by Tomas Vokoun without a rebound.
10:26 of 3rd period - Mike Ribeiro wins face-off versus Robert Lang in Predators zone.
10:26 of 3rd period - Filip Kuba is hit by Ryan Suter.
10:53 of 3rd period - Shot by Steve Sullivan.
10:53 of 3rd period - Deflect By Robert Lang.
10:53 of 3rd period - Shot Misses the Net.
11:29 of 3rd period - Shot by David Legwand.
11:29 of 3rd period - Shot Blocked by Ryan Kesler.
11:31 of 3rd period - Shot by Paul Kariya.
11:31 of 3rd period - Shot Blocked by Keith Carney.
11:40 of 3rd period - Ryan Kesler beats up Scott Hartnell.
11:40 of 3rd period - Penalty to Ryan Kesler for Fighting.
11:40 of 3rd period - Penalty to Scott Hartnell for Fighting.
11:41 of 3rd period - Jeff Carter wins face-off versus Antoine Vermette in Canadiens zone.
11:42 of 3rd period - Shot by Robert Lang.
11:42 of 3rd period - Stopped by Roberto Luongo with a rebound.
11:49 of 3rd period - Off-side.
11:50 of 3rd period - Antoine Vermette wins face-off versus Robert Lang in neutral zone.
12:05 of 3rd period - Shot by Robert Lang.
12:05 of 3rd period - Shot Blocked by Brian Rafalski.
12:17 of 3rd period - Shot by Robert Lang.
12:17 of 3rd period - Shot Misses the Net.
12:19 of 3rd period - Shot by Steve Sullivan.
12:19 of 3rd period - Stopped by Roberto Luongo without a rebound.
12:20 of 3rd period - David Legwand wins face-off versus Alexei Yashin in Canadiens zone.
12:20 of 3rd period - David Legwand is hit by Andrej Meszaros.
12:25 of 3rd period - Minor Penalty to Andrej Meszaros for Slashing.
12:26 of 3rd period - Paul Kariya wins face-off versus Alexei Yashin in Canadiens zone.
12:36 of 3rd period - Icing by Paul Kariya.
12:37 of 3rd period - Antoine Vermette wins face-off versus David Legwand in Predators zone.
13:00 of 3rd period - Tomas Kaberle is hit by Ryan Whitney.
14:17 of 3rd period - Shot by Paul Kariya.
14:17 of 3rd period - Stopped by Roberto Luongo with a rebound.
14:21 of 3rd period - Shot by Justin Williams.
14:21 of 3rd period - Stopped by Roberto Luongo with a rebound.
15:06 of 3rd period - Jeff Carter is hit by Andrej Meszaros and loses puck.
15:28 of 3rd period - Shot by Robert Lang.
15:28 of 3rd period - Shot Blocked by Andrej Meszaros.
16:11 of 3rd period - Shot by Paul Kariya.
16:11 of 3rd period - Stopped by Roberto Luongo without a rebound.
16:12 of 3rd period - David Legwand wins face-off versus Mike Ribeiro in Canadiens zone.
17:05 of 3rd period - Mike Ribeiro is hit by Vernon Fiddler and loses puck.
17:31 of 3rd period - Off-side.
17:32 of 3rd period - Antoine Vermette wins face-off versus Robert Lang in neutral zone.
17:34 of 3rd period - Darcy Tucker is hit by Derek Morris and loses puck.
18:01 of 3rd period - Shot by Scott Hartnell.
18:01 of 3rd period - Stopped by Roberto Luongo without a rebound.
18:02 of 3rd period - Jeff Carter wins face-off versus Alexei Yashin in Canadiens zone.
18:03 of 3rd period - Shot by Scott Hartnell.
18:03 of 3rd period - Stopped by Roberto Luongo without a rebound.
18:04 of 3rd period - Alexei Yashin wins face-off versus Jeff Carter in Canadiens zone.
18:04 of 3rd period - Brian Rafalski is hit by Scott Hartnell and loses puck.
18:13 of 3rd period - Shot by Scott Hartnell.
18:13 of 3rd period - Deflect By Jeff Carter.
18:13 of 3rd period - Stopped by Roberto Luongo without a rebound.
18:14 of 3rd period - Alexei Yashin wins face-off versus Jeff Carter in Canadiens zone.
19:04 of 3rd period - Darcy Tucker beats up Derek Morris.
19:04 of 3rd period - Penalty to Darcy Tucker for Fighting.
19:04 of 3rd period - Penalty to Derek Morris for Fighting.
19:04 of 3rd period - Brian Gionta and David Legwand fight to a draw.
19:04 of 3rd period - Penalty to Brian Gionta for Fighting.
19:04 of 3rd period - Penalty to David Legwand for Fighting.
19:04 of 3rd period - Minor Penalty to Antoine Vermette for Roughing.
19:04 of 3rd period - Minor Penalty to Paul Kariya for Roughing.
19:04 of 3rd period - Minor Penalty to Keith Carney for Holding.
19:05 of 3rd period - Robert Lang wins face-off versus Ryan Kesler in neutral zone.


Output by the SimonT Hockey Simulator (STHS) for Stephane Roy -- Original Page W3C XHTML 1.0 Valid